 Dungeon Crawl Stone Soup version 0.22-a0-136-g83a10e5 (webtiles) character file.

16456 varam the Destroyer (level 12, -4/88 HPs)
             Began as a Demonspawn Fire Elementalist on Feb 4, 2018.
             Was a High Priest of Cheibriados.
             Slain by an elephant (15 damage)
             ... on level 2 of the Lair of Beasts.
             The game lasted 00:48:44 (13119 turns).

varam the Destroyer (Demonspawn Fire Elementalist) Turns: 13119, Time: 00:48:45

Health: -4/88      AC:  8    Str: 22    XL:     12   Next: 10%
Magic:  3/19       EV: 21    Int: 34    God:    Cheibriados [*****.]
Gold:   591        SH:  0    Dex: 27    Spells: 6/21 levels left

rFire    + . .     SeeInvis .   x - +4 scimitar (flame)
rCold    . . .     Gourm    +   (no shield)
rNeg     + . .     Faith    .   y - +2 robe {rN+}
rPois    .         Spirit   .   (helmet restricted)
rElec    +         Reflect  .   r - +0 cloak
rCorr    .         Harm     .   I - +0 pair of gloves
MR       +....                  k - +1 pair of boots {Fly}
Stlth    +++.......             P - amulet of the Blind Eye {Gourm rElec}
HPRegen  0.24/turn              i - ring of fire
MPRegen  0.16/turn              Q - ring of protection from magic

@: flying, very slow
A: horns 2, repulsion field 2, cold resistance 1, rot immunity, freezing cloud
immunity
a: Bend Time, Temporal Distortion, Slouch, Step From Time, Renounce Religion,
Stop Flying


You were on level 2 of the Lair of Beasts.
You worshipped Cheibriados.
Cheibriados was extremely pleased with you.
You were very full.

You visited 4 branches of the dungeon, and saw 15 of its levels.

You collected 731 gold pieces.
You spent 140 gold pieces at shops.

Inventory:

Hand Weapons
 m - a +0 short sword of electrocution
 o - a +6 rapier of venom
 v - a +1 falchion of draining
 x - a +4 scimitar of flaming (weapon)
 M - the +4 shortbow "Acsusch" {flame, Dex+2}
   (You found it on level 8 of the Dungeon)

   It causes projectiles fired from it to burn those they strike, causing extra
   injury to most foes and up to half again as much damage against particularly
   susceptible opponents.
   It affects your dexterity (+2).
 T - the +8 flail of Ronog {crush, Dex+3 Stlth+, unknown}
   (You took it off an orc priest on level 11 of the Dungeon)

   It inflicts extra damage upon your enemies.
   It affects your dexterity (+3).
   It makes you more stealthy.
Missiles
 g - 329 stones (quivered)
 w - 17 tomahawks
Armour
 b - the +2 scale mail "Seinlud" {rElec SInv}
   (You found it on level 1 of the Lair of Beasts)

   It insulates you from electricity.
   It lets you see invisible.
 k - a +1 pair of boots of flying (worn)
 r - a +0 cloak (worn)
 s - a +2 robe of cold resistance
 y - a +2 robe of positive energy (worn)
 I - a +0 pair of gloves (worn)
Jewellery
 i - a ring of fire (left hand)
 p - an uncursed ring of protection from cold
 D - an uncursed amulet of regeneration
 P - the amulet of the Blind Eye (around neck) {Gourm rElec}
   (You found it on level 8 of the Dungeon)

   [amulet of the gourmand]

   It allows you to eat raw meat even when not hungry.
   It insulates you from electricity.
 Q - a ring of protection from magic (right hand)
Wands
 A - a wand of disintegration (12)
 F - a wand of paralysis (13)
 N - a wand of digging (15)
 R - a wand of iceblast (4)
Scrolls
 d - a scroll of enchant weapon
 f - a scroll of teleportation
 j - 3 scrolls of magic mapping
 n - 4 scrolls of remove curse
 E - a scroll of noise {unknown}
 G - a scroll of fog
 H - 2 scrolls of random uselessness
 J - a scroll of fear {unknown}
 K - a scroll of amnesia {unknown}
 O - a scroll of enchant armour
 S - a scroll of silence
Potions
 a - a potion of invisibility {unknown}
 e - a potion of ambrosia {unknown}
 l - a potion of curing
 q - 5 potions of cancellation
 t - a potion of mutation
 u - a potion of degeneration {unknown}
 z - 4 potions of brilliance
 B - a potion of lignification {unknown}
 C - 2 potions of flight {unknown}
 L - 2 potions of agility {unknown}
Comestibles
 c - 13 rations


   Skills:
 + Level 6.1 Fighting
 - Level 5.9(6.1) Short Blades
 + Level 2.3(4.4) Long Blades
 + Level 6.2 Dodging
 - Level 2.1 Stealth
 - Level 5.1 Spellcasting
 * Level 11.3 Conjurations
 + Level 7.9 Fire Magic
 + Level 8.4 Invocations


You had 6 spell levels left.
You knew the following spells:

 Your Spells              Type           Power        Failure   Level  Hunger
a - Flame Tongue          Conj/Fire      #####        1%          1    None
b - Throw Flame           Conj/Fire      ######       1%          2    None
c - Sticky Flame          Conj/Fire      #######.     1%          4    ###....
d - Conjure Flame         Conj/Fire      #######.     1%          3    None
e - Fireball              Conj/Fire      #######...   2%          5    #####..


Dungeon Overview and Level Annotations

Branches:
Dungeon (11/15)            Temple (1/1) D:4            Lair (2/6) D:9
    Orc (1/2) D:11
  Swamp: Lair:2-4    Shoals: Lair:2-4     Snake: Lair:2-4    Spider: Lair:2-4

Altars:
Ashenzari
Cheibriados
Dithmenos
Elyvilon
Fedhas
Gozag
Hepliaklqana
Kikubaaqudgha
Makhleb
Nemelex Xobeh
Okawaru
Qazlal
Ru
Sif Muna
Trog
Uskayaw
Vehumet
Wu Jian
Xom
Yredelemnul
Zin
The Shining One

Shops:
D:7 (   D:9 !   D:10 :

Annotations:
D:11 varam's ghost, journeyman DsFE


Innate Abilities, Weirdness & Mutations

You have a pair of horns on your head.
You are surrounded by a moderate repulsion field. (EV +3)
Your flesh is cold resistant. (rC+)
You are immune to rotting.
You are immune to freezing clouds.


Message History

The elephant closely misses you. The elephant misses you.
Unknown command.
Casting: Sticky Flame (safe; 1% risk of failure)
Confirm with . or Enter, or press ? or * to list all spells.
You don't have enough magic to cast that spell.
You slash the elephant! You burn the elephant.
The elephant is lightly wounded.
The elephant completely misses you. The elephant barely misses you.
You hit the elephant but do no damage. You headbutt the elephant!
The elephant is moderately wounded.
The elephant tramples you!!
* * * LOW HITPOINT WARNING * * *
You hold your ground!
The elephant trunk-slaps you but does no damage.
You feel better. The elephant misses you.
The elephant trunk-slaps you but does no damage.
You hit the elephant but do no damage.
The elephant is moderately wounded.
The elephant tramples you!
You die...

.Y.....>.........................
P................................
...##....Y...##.P.........#.#..##
.....##..†...##.#.PP..≈≈≈..###).#
.....##.....###..P..≈≈≈≈≈≈≈.....#
.....##......††....≈≈≈≈≈≈≈≈≈.....
.....##.....###...≈≈≈≈≈≈≈≈≈≈≈....
.....##.....###Y†.≈≈≈≈≈.≈≈≈≈≈...#
.....#.......##.@.≈≈≈≈≈>.≈≈≈....#
.....##......##..#.≈≈≈.≈.≈≈≈..P..
.....#.......##.##.≈≈≈≈≈≈≈≈≈.#...
........##..##..≈≈≈≈≈≈≈≈.....
................≈≈≈≈≈≈.......
.........>.........≈.........
.............................
..##................ ........ .
#.....####..###.. ........


You could see an elephant.

Vanquished Creatures
  A hydra (Lair:2)
  A centaur warrior (D:10)
  Erica (D:10)
  Urug (D:10)
  The ghost of Yosebu the Carver, a novice BaBe of Trog (D:7)
  2 black mambas (Lair:1)
  3 elephants (Lair:2)
  Joseph (D:8)
  A spiny frog (Lair:1)
  A rime drake (Lair:1)
  2 komodo dragons (Lair:1)
  Prince Ribbit (D:5)
  A slime creature (D:10)
  3 hornets
  4 hippogriffs
  A wyvern (D:9)
  Eustachio (D:4)
  5 yaks (D:9)
  A basilisk (D:9)
  A steam dragon (D:11)
  2 hungry ghosts
  2 water moccasins
  8 porcupines
  3 orc warriors
  2 sky beasts
  4 phantoms
  An eye of draining (D:10)
  4 ice beasts
  5 centaurs
  7 ogres
  2 crocodiles
  7 bullfrogs
  Blork the orc (D:4)
  A wyvern zombie (D:10)
  2 gnoll sergeants
  A wyvern skeleton (D:11)
  A scorpion (D:4)
  9 killer bees
  A howler monkey (D:5)
  7 wights
  A crimson imp (D:6)
  3 bullfrog zombies
  2 centaur zombies
  3 hounds
  7 orc wizards
  4 orc priests
  8 jellies (D:10)
  2 centaur skeletons
  Crazy Yiuf (D:4)
  Ijyb (D:5)
  Terence (D:3)
  5 iguanas
  Natasha (thrice) (D:3 D:4)
  8 worker ants
  A hound zombie (D:10)
  2 hound skeletons
  A worker ant zombie (D:6)
  8 gnolls
  19 adders
  2 shadow imps
  17 oozes
  3 adder zombies
  3 adder skeletons
  A worm (D:3)
  A dart slug (D:1)
  4 leopard geckos
  23 orcs
  3 giant cockroaches
  4 goblins
  5 hobgoblins
  15 jackals
  2 kobolds
  5 quokkas
  A ball python (D:1)
  A ball python skeleton (D:4)
  4 bats
  4 frilled lizards
  A giant cockroach zombie (D:6)
  7 rats
  A butterfly (Lair:2)
  A fungus (D:4)
291 creatures vanquished.

Vanquished Creatures (others)
  2 centaurs
  A bullfrog zombie (D:11)
  11 fungi
  15 plants
29 creatures vanquished.

Grand Total: 320 creatures vanquished

Notes
Turn   | Place    | Note
-------+----------+-------------------------------------------
     0 | D:1      | varam the Demonspawn Fire Elementalist began the quest for the Orb.
     0 | D:1      | Reached XP level 1. HP: 13/13 MP: 3/3
   154 | D:1      | Reached skill level 2 in Stealth
   154 | D:1      | Gained mutation: You are immune to rotting. [demonic ancestry]
   154 | D:1      | Reached XP level 2. HP: 16/19 MP: 1/5
   213 | D:1      | Learned a level 2 spell: Throw Flame
   242 | D:1      | Reached skill level 2 in Dodging
   855 | D:2      | Reached skill level 3 in Fire Magic
   855 | D:2      | Reached XP level 3. HP: 24/24 MP: 3/6
   874 | D:2      | Reached skill level 2 in Conjurations
  1750 | D:3      | Noticed an orc warrior
  1806 | D:2      | Gained mutation: Your flesh is cold resistant. (rC+) [demonic ancestry]
  1806 | D:2      | Reached XP level 4. HP: 15/30 MP: 3/7
  1955 | D:2      | Reached skill level 3 in Conjurations
  2278 | D:4      | Noticed Eustachio
  2278 | D:4      | Noticed an ogre
  2287 | D:4      | Killed an ogre
  2287 | D:4      | Gained mutation: You are surrounded by a mild repulsion field. (EV +2) [demonic ancestry]
  2287 | D:4      | Reached XP level 5. HP: 30/35 MP: 6/8
  2294 | D:4      | Killed Eustachio
  2294 | D:4      | Reached skill level 4 in Conjurations
  2294 | D:4      | Reached skill level 4 in Fire Magic
  2294 | D:4      | Reached XP level 6. HP: 34/41 MP: 6/9
  2498 | D:4      | Learned a level 3 spell: Conjure Flame
  2537 | D:4      | Reached skill level 5 in Conjurations
  2598 | D:4      | Found a runed door.
  2602 | D:4      | Noticed Crazy Yiuf
  2608 | D:4      | Killed Crazy Yiuf
  2684 | D:4      | Noticed Blork the orc
  2689 | D:4      | Killed Blork the orc
  2849 | D:5      | Entered Level 5 of the Dungeon
  2920 | D:4      | Reached skill level 1 in Short Blades
  3157 | D:3      | Gained mutation: You have a pair of small horns on your head. [demonic ancestry]
  3157 | D:3      | Reached XP level 7. HP: 46/46 MP: 10/10
  3173 | D:3      | Found a blossoming altar of Fedhas.
  3314 | D:3      | Found an iron altar of Okawaru.
  3314 | D:3      | Found a white marble altar of Elyvilon.
  3318 | D:3      | Found a bloodstained altar of Trog.
  3337 | D:3      | Noticed Natasha
  3346 | D:3      | Killed Natasha
  3351 | D:3      | Found a stormy altar of Qazlal.
  3377 | D:3      | Noticed Terence
  3380 | D:3      | Killed Terence
  3392 | D:3      | Learned a level 4 spell: Sticky Flame
  3445 | D:3      | Noticed Natasha
  3453 | D:3      | Killed Natasha
  3453 | D:3      | Noticed Natasha
  3473 | D:4      | Killed Natasha
  3853 | D:3      | Reached skill level 2 in Short Blades
  3853 | D:3      | Reached skill level 6 in Conjurations
  3918 | D:4      | Found a staircase to the Ecumenical Temple.
  3923 | Temple   | Entered the Ecumenical Temple
  3957 | Temple   | Became a worshipper of Cheibriados the Contemplative
  4267 | D:4      | Reached skill level 5 in Fire Magic
  4484 | D:4      | Reached XP level 8. HP: 52/52 MP: 5/11
  4743 | D:5      | Found a shattered altar of Ashenzari.
  4776 | D:5      | Noticed Ijyb
  4805 | D:5      | Killed Ijyb
  5159 | D:5      | Noticed Prince Ribbit
  5178 | D:5      | Killed Prince Ribbit
  5178 | D:5      | Reached skill level 1 in Fighting
  5178 | D:5      | Reached skill level 3 in Short Blades
  5178 | D:5      | Reached skill level 7 in Conjurations
  5178 | D:5      | Reached skill level 1 in Invocations
  5599 | D:5      | Reached * piety under Cheibriados
  5599 | D:5      | Reached skill level 2 in Invocations
  5909 | D:6      | Reached skill level 3 in Spellcasting
  6009 | D:6      | Reached skill level 3 in Dodging
  6115 | D:6      | Reached skill level 2 in Fighting
  6115 | D:6      | Reached skill level 3 in Invocations
  6152 | D:6      | Gained mutation: You are surrounded by a moderate repulsion field. (EV +3) [demonic ancestry]
  6152 | D:6      | Reached XP level 9. HP: 61/61 MP: 9/13
  6672 | D:7      | Noticed Yosebu's ghost (novice BaBe)
  6703 | D:7      | Killed Yosebu's ghost
  6703 | D:7      | Reached skill level 4 in Short Blades
  6703 | D:7      | Reached skill level 8 in Conjurations
  6703 | D:7      | Reached skill level 6 in Fire Magic
  6703 | D:7      | Reached skill level 4 in Invocations
  6823 | D:7      | Found Amadiokk's Antique Weapon Boutique.
  6960 | D:7      | Found a glowing golden altar of the Shining One.
  6966 | D:7      | Found a radiant altar of Vehumet.
  6966 | D:7      | Found a sparkling altar of Nemelex Xobeh.
  7561 | D:7      | Reached ** piety under Cheibriados
  7603 | D:7      | Reached skill level 3 in Fighting
  7657 | D:8      | Reached skill level 4 in Spellcasting
  7678 | D:8      | Noticed Joseph
  7783 | D:8      | Killed Joseph
  7791 | D:8      | Got a shimmering ruby amulet
  7965 | D:8      | Reached skill level 4 in Dodging
  8006 | D:8      | Reached skill level 5 in Invocations
  8098 | D:8      | Reached XP level 10. HP: 41/70 MP: 14/16
  8160 | D:8      | Reached *** piety under Cheibriados
  8160 | D:8      | Reached skill level 9 in Conjurations
  8411 | D:8      | Got a jewelled shortbow
  8412 | D:8      | Identified the +4 shortbow "Acsusch" {flame, Dex+2} (You found it on level 8 of the Dungeon)
  8608 | D:9      | Learned a level 5 spell: Fireball
  8746 | D:9      | Reached skill level 4 in Fighting
  8875 | D:10     | Entered Level 10 of the Dungeon
  8903 | D:9      | Paralysed by a hornet for 1 turns
  8967 | D:9      | Reached skill level 5 in Short Blades
  8967 | D:9      | Reached skill level 6 in Invocations
  8968 | D:9      | Reached **** piety under Cheibriados
  9095 | D:9      | Found a staircase to the Lair.
  9145 | D:9      | Found Riji's Distillery.
  9150 | D:9      | Bought a potion of heal wounds for 70 gold pieces
  9150 | D:9      | Bought a potion of heal wounds for 70 gold pieces
  9186 | D:9      | Identified the amulet of the Blind Eye {Gourm rElec} (You found it on level 8 of the Dungeon)
  9660 | Lair:1   | Entered Level 1 of the Lair of Beasts
  9845 | Lair:1   | Reached skill level 5 in Spellcasting
  9956 | Lair:1   | Got an encrusted scale mail
  9978 | Lair:1   | Noticed a black mamba
 10055 | Lair:1   | Identified the +2 scale mail "Seinlud" {rElec SInv} (You found it on level 1 of the Lair of Beasts)
 10065 | Lair:1   | Killed a black mamba
 10065 | Lair:1   | Reached skill level 5 in Dodging
 10065 | Lair:1   | Reached skill level 10 in Conjurations
 10065 | Lair:1   | Reached skill level 7 in Fire Magic
 10065 | Lair:1   | Gained mutation: You have a pair of horns on your head. [demonic ancestry]
 10065 | Lair:1   | Reached XP level 11. HP: 78/78 MP: 7/18
 10265 | Lair:1   | HP: 7/78 [poisoned by a black mamba]
 10270 | Lair:1   | HP: 6/78 [poisoned by a black mamba]
 10276 | Lair:1   | HP: 6/78 [poisoned by a black mamba]
 10282 | Lair:1   | HP: 7/78 [poisoned by a black mamba]
 10916 | D:10     | Reached skill level 5 in Fighting
 10916 | D:10     | Reached skill level 7 in Invocations
 10972 | D:10     | Noticed Urug
 11001 | D:10     | Killed Urug
 11066 | D:10     | Noticed Erica
 11084 | D:10     | Killed Erica
 11350 | D:10     | Reached ***** piety under Cheibriados
 11493 | D:10     | Found Jegge's Book Emporium.
 11779 | D:11     | Reached skill level 1 in Long Blades
 11974 | D:11     | Noticed varam's ghost (journeyman DsFE)
 12122 | D:11     | Got an iridescent flail {crush}
 12176 | D:11     | Found a staircase to the Orcish Mines.
 12209 | D:11     | Noticed a centaur warrior
 12216 | Orc:1    | Entered Level 1 of the Orcish Mines
 12217 | Orc:1    | Reached skill level 11 in Conjurations
 12233 | D:10     | Killed a centaur warrior
 12233 | D:10     | Reached skill level 8 in Invocations
 12235 | D:10     | HP: 8/81 [centaur/arrow[a centaur warrior] (8)]
 12236 | D:10     | HP: 3/81 [centaur[a centaur warrior] (5)]
 12241 | D:10     | HP: 3/81 [poisoned by a worker ant]
 12246 | D:10     | HP: 3/81 [poisoned by a worker ant]
 12252 | D:10     | HP: 3/81 [poisoned by a worker ant]
 12258 | D:10     | HP: 3/81 [poisoned by a worker ant]
 12264 | D:10     | HP: 4/81 [poisoned by a worker ant]
 12703 | Lair:2   | Noticed an eight-headed hydra
 12709 | Lair:2   | Killed a seven-headed hydra
 12709 | Lair:2   | Reached skill level 6 in Dodging
 13027 | Lair:2   | Reached skill level 2 in Long Blades
 13099 | Lair:2   | Reached skill level 6 in Fighting
 13099 | Lair:2   | Gained mutation: You are immune to freezing clouds. [demonic ancestry]
 13099 | Lair:2   | Reached XP level 12. HP: 72/88 MP: 11/19
 13117 | Lair:2   | HP: 2/88 [elephant (18)]
 13119 | Lair:2   | Slain by an elephant

Vault maps used:
D:1:      zelgadis_glass_arrival_large
D:3:      fedhas_altar_3, grunt_temple_overflow_open, uniq_natasha, uniq_terence
D:4:      kb_forest_paths, minmay_temple_entry_butterflies, first_ration,
          uniq_blork_the_orc, uniq_crazy_yiuf_cottage, uniq_eustachio
D:5:      nicolae_ashenzari_panopticon, uniq_prince_ribbit1, uniq_ijyb
D:7:      minitemple, serial_shops, kennysheep_mini_moat
D:8:      uniq_joseph
D:9:      minmay_lair_entry_grove, serial_shops, kennysheep_little_box
D:10:     lemuel_slime, serial_shops, shop_fountains, uniq_erica, uniq_urug
D:11:     orc_0_dummy
Temple:   nicolae_temple_figure_eight
Lair:1:   minmay_lair_venomous_thicket, mumra_transporter_accident
Lair:2:   beast_lair_carwin_6, infiniplex_staircase_pool_2,
          serial_bayou_shore_a, lemuel_fruit_fields

Skill      XL: |  1  2  3  4  5  6  7  8  9 10 11 |
---------------+----------------------------------+-----
Stealth        | 2 |  2.1
Dodging        | 2 3 4 5 6 |  6.2
Fire Magic     | 3 4 5 6 7 |  7.9
Conjurations   | 2 3 4 5 6 7 8 10 11 | 11.3
Short Blades   | 1 2 3 4 5 |  5.9
Fighting       | 2 3 4 6 |  6.1
Invocations    | 3 5 6 8 |  8.4
Spellcasting   | 3 4 5 |  5.1
Long Blades    | 2 |  2.3

Action                   |  1- 3 |  4- 6 |  7- 9 | 10-12 || total
-------------------------+-------+-------+-------+-------++-------
Melee: Club              |     6 |       |       |       ||     6
       Unarmed           |     1 |       |       |       ||     1
       Dagger            |    40 |       |       |       ||    40
       Short sword       |    10 |    32 |    14 |       ||    56
       Rapier            |       |    37 |   183 |   146 ||   366
       Headbutt          |       |       |    26 |    87 ||   113
       Falchion          |       |       |     5 |       ||     5
       Scimitar          |       |       |       |    56 ||    56
Throw: Stone             |     5 |       |       |     4 ||     9
 Cast: Flame Tongue      |    36 |    16 |    51 |    34 ||   137
       Throw Flame       |     4 |    12 |    45 |   101 ||   162
       Conjure Flame     |       |     1 |     1 |     2 ||     4
       Sticky Flame      |       |       |    20 |    41 ||    61
       Fireball          |       |       |       |    10 ||    10
Invok: Slouch            |       |       |       |     1 ||     1
  Use: Scroll            |     4 |       |     3 |    12 ||    19
       Potion            |       |     1 |     2 |     6 ||     9
 Stab: Sleeping          |     7 |     2 |     3 |     3 ||    15
       Distracted        |       |       |     1 |       ||     1
  Eat: Chunk             |     3 |     2 |    19 |    24 ||    48
       Ration            |       |     1 |       |     4 ||     5
Armor: Robe              |    16 |    12 |    56 |    59 ||   143
       Skin              |       |       |       |     5 ||     5
Dodge: Dodged            |    56 |    42 |   177 |   350 ||   625
       Rpst.: Falchion   |       |       |     1 |       ||     1
       Scimitar          |       |       |       |    44 ||    44

Table legend:
 A = Spawn XP
 B = Non-spawn XP
 C = Spawn XP percentage of total XP
 D = Spawn monster count
 E = Non-spawn monster count
 F = Spawn count percentage of total count
 G = Total turns spent on level
                    A         B        C        D         E        F      G
               +---------+---------+-------+---------+---------+-------+---------
         Total |       0 |   23509 |   0.0 |       0 |     292 |   0.0 | 13119
               +---------+---------+-------+---------+---------+-------+---------
           D:1 |       0 |      40 |   0.0 |       0 |      20 |   0.0 |  1118
           D:2 |       0 |      92 |   0.0 |       0 |      15 |   0.0 |  1152
           D:3 |       0 |     336 |   0.0 |       0 |      21 |   0.0 |   727
           D:4 |       0 |     987 |   0.0 |       0 |      31 |   0.0 |  1361
           D:5 |       0 |     814 |   0.0 |       0 |      19 |   0.0 |  1248
           D:6 |       0 |     665 |   0.0 |       0 |      16 |   0.0 |   601
           D:7 |       0 |    1455 |   0.0 |       0 |      14 |   0.0 |  1312
           D:8 |       0 |    2054 |   0.0 |       0 |      36 |   0.0 |   855
           D:9 |       0 |    3448 |   0.0 |       0 |      25 |   0.0 |  1187
          D:10 |       0 |    6086 |   0.0 |       0 |      49 |   0.0 |  1555
          D:11 |       0 |    1132 |   0.0 |       0 |      19 |   0.0 |   240
        Lair:1 |       0 |    2703 |   0.0 |       0 |      13 |   0.0 |  1339
        Lair:2 |       0 |    3571 |   0.0 |       0 |      12 |   0.0 |   223
         Orc:1 |       0 |     126 |   0.0 |       0 |       2 |   0.0 |     2
               +---------+---------+-------+---------+---------+-------+---------
